 Dungeon Crawl Stone Soup version 0.27.1-33-g824d729ab1 (webtiles) character file.

Game seed: 996096753648339016

14 alasdair19 the Ducker (level 2, 0/29 HPs)
             Began as a Troll Fighter on Nov 27, 2021.
             Succumbed to a scorpion's poison
             ... on level 3 of the Dungeon.
             The game lasted 00:01:46 (217 turns).

alasdair19 the Ducker (Troll Fighter)                Turns: 217, Time: 00:01:46

Health: 0/29       AC:  4    Str: 23    XL:     2   Next: 31%
Magic:  1/1        EV:  8    Int:  4    God:
Gold:   14         SH:  8    Dex:  9    Spells: 1/1 levels left

rFire    . . .     SeeInvis .   a - +0 trident
rCold    . . .     Faith    .   c - +0 kite shield
rNeg     . . .     Spirit   .   b - +0 robe
rPois    .         Reflect  .   (helmet restricted)
rElec    .         Harm     .   (no cloak)
rCorr    .         Rampage  .   (gloves unavailable)
Will     .....                  (boots unavailable)
Stlth    +.........             (no amulet)
HPRegen  1.09/turn              (no ring)
MPRegen  0.07/turn              (no ring)

@: lethally poisoned (0 -> -10)
A: large, unfitting armour, claws 3, regeneration 1, shaggy fur 1, tough skin 1
a: no special abilities


You were on level 3 of the Dungeon.
You visited 1 branch of the dungeon, and saw 3 of its levels.

You collected 14 gold pieces.

Inventory:

Hand Weapons
 a - a +0 trident (weapon)
Armour
 b - a +0 robe (worn)
 c - a +0 kite shield (worn)
Scrolls
 e - 2 scrolls of identify {unknown}
Potions
 d - a potion of might


   Skills:
 + Level 2.5 Fighting
 + Level 1.7 Polearms
 + Level 2.6 Dodging
 + Level 2.6 Shields


You had one spell level left.
You didn't know any spells.
Your spell library was empty.

Dungeon Overview and Level Annotations

Branches:
Dungeon (3/15)

Altars:


Innate Abilities, Weirdness & Mutations

You are too large for most types of armour.
You have claws for hands.
Your natural rate of healing is unusually fast.
You are covered in fur. (AC +1)
You have tough skin. (AC +1)


Message History

The hobgoblin hits you. The hobgoblin barely misses you.
The hobgoblin closely misses you.
You hit the hobgoblin.
The hobgoblin is severely wounded.
You block the hobgoblin's attack. The hobgoblin hits you.
You barely miss the hobgoblin.
The hobgoblin is severely wounded.
You block the hobgoblin's attack. x2; The hobgoblin hits you.
You puncture the hobgoblin!
You kill the hobgoblin!
The hobgoblin barely misses you.
An adder comes into view.
The hobgoblin hits you but does no damage.
The adder bites you but does no damage.
A scorpion comes into view.
The adder barely misses you. The adder barely misses you.
The adder closely misses you.
Found a scroll labelled PEAH UMOGENOIT.
You block the hobgoblin's attack.
Found a stone staircase leading up.
You block the adder's attack. The adder bites you.
You closely miss the adder. The adder bites you. The adder barely misses you.
The hobgoblin barely misses you.
You barely miss the adder. The adder bites you. The scorpion stings you.
The hobgoblin hits you. The scorpion barely misses you.
The adder closely misses you.
You puncture the adder!
The adder is severely wounded.
The adder bites you. The scorpion stings you.
You are poisoned.
The scorpion poisons you! The hobgoblin closely misses you.
You block the adder's attack. The scorpion stings you.
You are lethally poisoned!
The scorpion poisons you! The hobgoblin barely misses you.
A worm comes into view.
* * * LOW HITPOINT WARNING * * *
You feel very sick. You block the adder's attack.
The scorpion stings you but does no damage.
You barely miss the scorpion.
You die...

## .# .# .###
...
.########.######
.w.....@g.......
#######sS.#.#...
#...#..... ..
#.....?.<. #g
#......##. #.# #
#...#.#.# .( .#
#...#.# #
##.##.# #..##..
..... #..######.


You could see a worm, a scorpion, an adder and a hobgoblin.

Vanquished Creatures
  3 ball pythons (D:1)
  A giant cockroach (D:2)
  2 hobgoblins
  4 jackals (D:1)
  A frilled lizard (D:1)
11 creatures vanquished.

Notes
Turn   | Place    | Note
-------+----------+-------------------------------------------
     0 | D:1      | alasdair19 the Troll Fighter began the quest for the Orb.
     0 | D:1      | Reached XP level 1. HP: 22/22 MP: 0/0
    31 | D:1      | Found a faded altar of an unknown god.
    82 | D:1      | Reached XP level 2. HP: 28/29 MP: 1/1
   203 | D:3      | Noticed a scorpion
   217 | D:3      | Succumbed to a scorpion's poison

Illustrated notes

Levels and vault maps discovered:
D:1:      ncdulo_lavacross, layout_loops_ring,
          hellmonk_ecumenical_altar_arch_garden
D:2:      layout_loops_corners, nrook_campfire, kennysheep_generic_room_10
D:3:      layout_basic, grunt_gozag_breadcrumbs, uniq_jessica, uniq_ijyb

Action                   || total
-------------------------++-------
Melee: Trident           ||    56
Armor: Robe              ||    27
Dodge: Dodged            ||    39
Block: Kite shield       ||    42
